 Dungeon Crawl Stone Soup version 0.27.0-1-g7a089689b8 (webtiles) character file.

Game seed: 6938567819745510598

185 Gunterle the Sneak (level 5, -8/41 HPs)
             Began as a Djinni Delver on Aug 4, 2021.
             Mangled by an orc wizard (20 damage)
             ... on level 4 of the Dungeon.
             The game lasted 00:12:12 (4228 turns).

Gunterle the Sneak (Djinni Delver)                  Turns: 4228, Time: 00:12:12

Health: -8/41      AC:  4    Str: 12    XL:     5   Next: 96%
Gold:   243        EV: 12    Int: 12    God:
                   SH:  0    Dex: 14

rFire    + + .     SeeInvis .   a - +0 short sword
rCold    x . .     Faith    .   (no shield)
rNeg     . . .     Spirit   .   b - +0 leather armour
rPois    ∞         Reflect  .   (no helmet)
rElec    .         Harm     .   s - +0 cloak
rCorr    .         Rampage  .   (no gloves)
Will     .....                  (boots unavailable)
Stlth    ++........             (no amulet)
HPRegen  0.13/turn              (no ring)
MPRegen  0.00/turn              (no ring)

@: flying
A: sickness immunity, fire resistance 2, cold vulnerability 1, float, innate
caster, hp casting, extra vitality 1
a: no special abilities


You were on level 4 of the Dungeon.
You visited 1 branch of the dungeon, and saw 6 of its levels.

You collected 243 gold pieces.

Inventory:

Hand Weapons
 a - a +0 short sword (weapon)
 l - a +0 broad axe
Missiles
 f - 3 javelins (quivered)
 h - 58 stones
 n - 15 arrows
 p - 6 boomerangs
 r - 25 sling bullets
 w - 6 atropa-tipped darts
Armour
 b - a +0 leather armour (worn)
 k - a +0 plate armour
 m - a +0 buckler
 s - a +0 cloak (worn)
Jewellery
 u - an amulet of faith
Wands
 g - a wand of digging (3)
Scrolls
 c - a scroll of fog
 d - 2 scrolls of magic mapping
 e - a scroll of fear
 j - 4 scrolls of teleportation
 q - a scroll of identify
 t - a scroll of enchant armour {unknown}
Potions
 i - 2 potions of resistance
 v - a potion of heal wounds


   Skills:
 * Level 4.0 Fighting
 * Level 3.0 Short Blades
 * Level 2.5 Armour
 + Level 3.1 Dodging
 - Level 4.2 Stealth


You had one spell level left.
You knew the following spells:

 Your Spells              Type           Power      Damage    Failure   Level
a - Beastly Appendage     Tmut           0%         N/A       38%         1
b - Wereblood             Tmut           0%         N/A       54%         2
Your spell library was empty.

Dungeon Overview and Level Annotations

Branches:
Dungeon (6/15)
 Temple: D:4-7

Altars:
Fedhas
Wu Jian

Annotations:
D:2 exclusion: 3 gnolls
D:5 exclusion: black bear


Innate Abilities, Weirdness & Mutations

You are immune to sickness and miasma.
You are immune to poison.
Your flesh is very heat resistant. (rF++)
You are vulnerable to cold. (rC-)
You float through the air rather than walking.
You learn spells naturally, not from books.
Your magical power is your life essence.
You have superior vitality. (+4 HP)


Message History

The orc wizard flickers and vanishes!
Deactivating autopickup; reactivate with Ctrl-A.
You hit the orc but do no damage. The orc hits you with a +0 hand axe.
You closely miss the orc. The orc barely misses you.
You hit the orc but do no damage. The orc hits you but does no damage.
You closely miss the orc. The orc closely misses you.
Unknown command.
Throw: 3 darts (poison)
Press: ? - help, Q - select action, (/) - cycle Shift-Dir - straight line You throw a poisoned dart.
The poisoned dart hits the orc.
The orc is poisoned.
The orc barely misses you.
Throw: 2 darts (poison)
Press: ? - help, Q - select action, (/) - cycle Shift-Dir - straight line, f - orc
Aim: an orc, wielding a +0 hand axe (moderately wounded, poisoned, 60% to hit)
You throw a poisoned dart. The poisoned dart hits the orc.
The orc is moderately wounded.
The orc hits you with a +0 hand axe.
Throw: dart (poison)
Press: ? - help, Q - select action, (/) - cycle Shift-Dir - straight line, f/p - orc
Aim: an orc, wielding a +0 hand axe (heavily wounded, poisoned, 60% to hit)
You throw a poisoned dart.
The poisoned dart closely misses the orc.
The orc hits you with a +0 hand axe.
Unknown command.
Throw: 4 javelins
Press: ? - help, Q - select action, (/) - cycle Shift-Dir - straight line, p - orc You throw a javelin.
The javelin barely misses the orc.
You kill the orc!
You hear some strange, mumbled words.
A magic dart appears from out of thin air!
The magic dart hits you.
You miss something. Something hits you.
You miss something. Something hits you.
You miss something. Something hits you but does no damage.
Space warps horribly around you!
You hit something but do no damage. You barely miss something.
Something hits you.
* * * LOW HITPOINT WARNING * * *
Space warps horribly around you!!
You die...

####...##
##..#####
#..†....#
#..####.#
##...###.#
#.....##.#
#......#.#
#........#
##...#@###
#####{# #.#
##########(#
.(.((()...(#
############


There were no monsters in sight!

Vanquished Creatures
  Jessica (D:3)
  A centaur skeleton (D:3)
  An orc wizard (D:4)
  A hound skeleton (D:2)
  3 adders
  2 worms (D:3)
  5 dart slugs
  An orc (D:4)
  3 bats (D:1)
  6 endoplasms
  4 giant cockroaches
  2 hobgoblins (D:2)
  6 kobolds
  2 quokkas
  5 ball pythons
  4 frilled lizards
  4 goblins
  5 rats
56 creatures vanquished.

Notes
Turn   | Place    | Note
-------+----------+-------------------------------------------
     0 | D:5      | Gunterle the Djinni Delver began the quest for the Orb.
     0 | D:5      | Reached XP level 1. HP: 20/20 MP: 0/0
     4 | D:5      | Found a blossoming altar of Fedhas.
    30 | D:5      | Noticed a black bear
   117 | D:4      | Noticed an ogre
   384 | D:2      | Reached XP level 2. HP: 24/25 MP: 0/0
   493 | D:2      | Reached skill level 1 in Armour
   493 | D:2      | Reached XP level 3. HP: 26/30 MP: 0/0
   493 | D:2      | Learned a level 1 spell: Beastly Appendage
  1494 | D:1      | Reached XP level 4. HP: 35/35 MP: 0/0
  1533 | D:1      | Found a faded altar of an unknown god.
  2833 | D:3      | Noticed Jessica
  2850 | D:3      | Killed Jessica
  2851 | D:3      | Reached XP level 5. HP: 24/41 MP: 0/0
  2851 | D:3      | Learned a level 2 spell: Wereblood
  4098 | D:4      | Found an ornate altar of the Wu Jian Council.
  4228 | D:4      | Mangled by an orc wizard

Illustrated notes

Levels and vault maps discovered:
D:1:      amcnicky_arrival_double_pillar, layout_basic,
          hellmonk_ecumenical_altar_heavens_door
D:2:      layout_loops_ring, fountainhead
D:3:      layout_loops_ring, serial_glass, glass_columns_a, glass_columns_a,
          chequers_serial_rivers_small_b, uniq_jessica
D:4:      layout_loops_corners, yredelemnul_forgotten_temple_becter,
          kennysheep_mini, mainiacjoe_overflow_six_doors_small, temple_fountains
D:5:      kennysheep_kobold_camp, layout_gridville, kennysheep_little_box,
          lemuel_crystal_altar, led_sif_pool, chequers_avenue, uniq_grinder
D:6:      layout_basic, gup_sewer_entry_bowl, gup_ossuary_entry_pyramid,
          minivault_25, uniq_eustachio

Skill      XL: |  1  2  3  4  5 |
---------------+----------------+-----
Short Blades   | 2 3 |  3.0
Armour         | 1 2 |  2.5
Dodging        | 3 |  3.1
Fighting       | 4 |  4.0
Stealth        | |  4.2

Action                   |  1- 3 |  4- 6 || total
-------------------------+-------+-------++-------
Melee: Short sword       |    70 |   112 ||   182
Throw: Stone             |    24 |    14 ||    38
       Dart              |       |    21 ||    21
       Javelin           |       |     1 ||     1
  Use: Potion            |       |     2 ||     2
       Scroll            |       |     5 ||     5
 Stab: Sleeping          |     6 |     7 ||    13
Armor: Leather armour    |    15 |    26 ||    41
       Skin              |       |     1 ||     1
Dodge: Dodged            |    40 |    48 ||    88
